cohdb
Replays
Latest Replays
All Replays
Popular Replays
Top Player Replays
Match Explorer
How It Works
Community
CoH3 Stats
Reddit
Sign in to upload your games and track your stats! →
Sign in with Steam
Match 47136730
Unlisted
Match 47136730
Overview
Messages
Build Orders
End
Kettenkrad Recon Vehicle
Construct Infanterie Kompanie
Construct Infanterie Kompanie
Selects Mechanized Battlegroup
Grenadier Squad
MG 42 Machine Gun Team
Grenadier Squad
GrW 34 Mortar Team
Construct Panzergrenadier Kompanie
Panzergrenadier Squad
Pak 40 Anti-tank Gun Team
Medical Station
Construct Panzer Kompanie
Stoßtruppen Squad
Panzer IV Medium Tank
Selects Raid Package
Selects Spotting Scopes
Selects StuG Assault Group
Selects UNKNOWN (2160084)
Panther Heavy Tank
Stoßtruppen Squad
Panzer IV Medium Tank
Pioneer Squad
Panther Heavy Tank
Pioneer Squad
Stoßtruppen Squad
Panther Heavy Tank
Repair Bunker
Stoßtruppen Squad
DavidKartveli
Banillo
Oncle-Hô
Tacity
0
0
Comments
sign in to comment!
No comments posted yet!